 Seeded DCSS version 0.29-a0-393-g47a863cc1b (webtiles) character file.

Game seed: 14875320075521095149 (custom seed)

491 zeratav the Digger (level 7, -11/41 HPs)
             Began as an Octopode Earth Elementalist on May 9, 2022.
             Mangled by a gnoll
             ... wielding a +0 flail
              (13 damage)
             ... on level 5 of the Dungeon.
             The game lasted 00:03:55 (4730 turns).

zeratav the Digger (Octopode Earth Elementalist)    Turns: 4730, Time: 00:03:56

Health: -11/41     AC:  1    Str:  7    XL:     7   Next: 14%
Magic:  13/13      EV: 13    Int: 20    God:
Gold:   262        SH:  0    Dex: 12    Spells: 13/14 levels left

rFire   . . .      SeeInvis .   w - +4 whip (elec) {mace}
rCold   . . .      Faith    .   (no shield)
rNeg    . . .      Spirit   .   (helmet restricted)
rPois   .          Reflect  .   (no amulet)
rElec   .          Harm     .   (no ring)
rCorr   .          Rampage  .   (no ring)
Will    .....                   (no ring)
Stlth   +++.......              (no ring)
HPRegen 0.13/turn               (no ring)
MPRegen 0.13/turn               (no ring)
                                (no ring)
                                (no ring)

@: no status effects
A: almost no armour, amphibious, 8 rings, camouflage 1, gelatinous body 1,
(nimble swimmer 1), tentacles
a: no special abilities


You were on level 5 of the Dungeon.
You visited 1 branch of the dungeon, and saw 5 of its levels.

You collected 262 gold pieces.


Innate Abilities, Weirdness & Mutations

You cannot wear most types of armour.
You are amphibious.
You can wear up to eight rings at the same time.
Your skin changes colour to match your surroundings (Stealth+).
Your rubbery body absorbs attacks. (AC +1, EV +1)
((You are camouflaged when in or above water. (Stealth+)))
You have tentacles for arms and can constrict up to eight enemies at once.


   Skills:
 - Level 2.0 Dodging
 - Level 2.6 Stealth
 + Level 4.2 Spellcasting
 - Level 1.0 Transmutations
 * Level 6.7 Earth Magic


You had 13 spell levels left.
You knew the following spells:

 Your Spells              Type           Power      Damage    Failure   Level
a - Sandblast             Erth           62%        2d14      1%          1

Your spell library contained the following spells:

 Spells                   Type           Power      Damage    Failure   Level
 Passwall                 Tmut/Erth      15%        N/A       4%          2
 Stone Arrow              Conj/Erth      34%        3d9       10%         3
 Foxfire                  Conj/Fire      16%        2x1d4     13%         1
 Shock                    Conj/Air       16%        1d4       13%         1
 Corpse Rot               Necr/Air       8%         N/A       19%         2
 Poisonous Vapours        Pois/Air       8%         N/A       19%         2
 Petrify                  Tmut/Erth      19%        N/A       26%         4
 Conjure Flame            Conj/Fire      4%         6-21      36%         3
 Inner Flame              Hex/Fire       4%         N/A       36%         3
 Swiftness                Air            4%         N/A       36%         3
 Airstrike                Air            2%         N/A       77%         4
 Flame Wave               Conj/Fire      4%         2d5       77%         4
 Alistair's Intoxication  Tmut/Pois      4%         N/A       96%         5
 Yara's Violent Unravell  Hex/Tmut       3%         3d4       96%         5
 Statue Form              Tmut/Erth      12%        N/A       99%         6

Inventory:

Hand Weapons
 f - a +4 dagger of venom {short}
   (You took it off a kobold on level 1 of the Dungeon)
 w - a +4 whip of electrocution (weapon) {mace}
   (You took it off an orc on level 5 of the Dungeon)
Missiles
 a - 65 stones {throwing}
Armour
 k - a +2 kite shield of protection
   (You found it on level 2 of the Dungeon)
Wands
 u - a wand of polymorph (8)
   (You found it on level 4 of the Dungeon)
 z - a wand of paralysis (10)
   (You found it on level 5 of the Dungeon)
Scrolls
 e - 2 scrolls of poison {unknown}
 h - 3 scrolls of identify {unknown}
 i - a scroll of enchant armour {unknown}
 l - 2 scrolls of teleportation {unknown}
 n - a scroll of immolation {unknown}
 p - a scroll of vulnerability {unknown}
 q - 2 scrolls of fog {unknown}
 s - a scroll of fear {unknown}
 t - 3 scrolls of blinking {unknown}
 y - a scroll of brand weapon {unknown}
 A - 2 scrolls of enchant weapon {unknown}
Potions
 b - a potion of magic
 c - 4 potions of haste {unknown}
 d - 3 potions of mutation {unknown}
 g - a potion of invisibility {unknown}
 j - 3 potions of heal wounds {unknown}
 m - a potion of flight {unknown}
 o - 2 potions of curing {unknown}
 r - a potion of attraction {unknown}
 v - a potion of ambrosia {unknown}
 x - a potion of brilliance {unknown}

Dungeon Overview and Level Annotations

Branches:
Dungeon (5/15)
 Temple: D:4-7

Altars:
Dithmenos
Makhleb
Okawaru

Shops:
D:4

( ...♣ ...♣
.#.#♣♣ .....
♣###.## .#.#.♣
♣♣.. .. ...#.#
♣... .# # ...#
#.####..##.#..#
.###
#....gg)#..#..#
.###.#
#.@#.##..#
.....#
#.....?..#
....##
##.......#
....###
##...####
.......
##.....##
##..###
#.......# ##..#
##.....## ....#
##...## #####
#..##


You could see 2 gnolls.


Message History

Your hp is fully restored (36).
A scorpion is nearby!
Found a burning altar of Makhleb.
The helpless scorpion fails to defend itself.
You hit the scorpion. Your grab misses the scorpion. You squeeze the scorpion!
The scorpion stings you. The scorpion barely misses you.
HP[-6]
You take 6 damage, and now have 30/36 hp.
You hit the scorpion. You grab the scorpion. You squeeze the scorpion.
You constrict the scorpion, but do no damage.
The scorpion stings you.
You hit the scorpion.
You kill the scorpion!
You have reached level 7!
HP[+4] MP[+1]
You now have 41 max hp (+5).
You regained 4 hp, and now have 34/41 hp.
Your mp is fully restored (13).
You now have 262 gold pieces (gained 21).
There is a burning altar of Makhleb here.
There is an iron altar of Okawaru here.
y - a scroll labelled PAFER IMOKOFIA An iguana comes into view.
HP[+7]
Your hp is fully restored (41).
An iguana is nearby!
The iguana hisses angrily.
You barely miss the iguana. You grab the iguana.
You squeeze the iguana, but do no damage.
You constrict the iguana, but do no damage.
The iguana barely misses you.
You hit the iguana.
You constrict the iguana, but do no damage.
The iguana closely misses you.
You hit the iguana. Lightning courses through the iguana!
You kill the iguana!
No target in view!
No target in view!
No target in view!
No target in view!
No target in view!
No target in view!
No target in view!
No target in view!
No target in view!
No target in view!
No target in view!
No target in view!
No target in view!
Found an escape hatch in the ceiling.
Found a stone staircase leading down.
z - a wand of paralysis (10)
A - 2 scrolls labelled VIFI YMOCE
There is a stone staircase leading down here.
A gnoll comes into view. It is wielding a +0 flail.
A gnoll is nearby!
A gnoll comes into view. It is wielding a +0 club.
A gnoll comes into view. It is wielding a +0 spear.
The gnoll shouts!
The gnoll shouts!
You completely miss the gnoll. Your grab misses the gnoll.
The gnoll hits you with a +0 club.
The gnoll hits you from afar with a +0 spear!
The gnoll hits you with a +0 flail.
HP[-16]
You take 16 damage, and now have 25/41 hp.
MASSIVE DAMAGE!! (PAUSE)
You are too injured to fight recklessly!
You are too injured to fight recklessly!
You are too injured to fight recklessly!
You are too injured to fight recklessly!
You are too injured to fight recklessly!
You are too injured to fight recklessly!
You are too injured to fight recklessly!
You are too injured to fight recklessly!
You are too injured to fight recklessly!
You are too injured to fight recklessly!
You are too injured to fight recklessly!
You are too injured to fight recklessly!
You are too injured to fight recklessly!
You are too injured to fight recklessly!
You are too injured to fight recklessly!
You are too injured to fight recklessly!
You are too injured to fight recklessly!
You hit the gnoll. Lightning courses through the gnoll!
You kill the gnoll!
The gnoll barely misses you. The gnoll hits you with a +0 flail.
HP[-4]
You take 4 damage, and now have 21/41 hp.
You hit the gnoll. Your grab misses the gnoll.
The gnoll hits you from afar with a +0 spear.
* * * LOW HITPOINT WARNING * * *
The gnoll hits you with a +0 flail!
* * * LOW HITPOINT WARNING * * *
HP[-19]
You take 19 damage, and now have 2/41 hp.
MASSIVE DAMAGE!! (PAUSE)
You hit the gnoll. Your grab misses the gnoll. The gnoll misses you.
The gnoll hits you with a +0 flail!
You die...

Skill      XL: |  1  2  3  4  5  6 |
---------------+-------------------+-----
Earth Magic    | 4 5 6 |  6.7
Spellcasting   | 3 4 |  4.2
Dodging        | |  2.0
Stealth        | |  2.6
Transmutations | |  1.0

Action                   |  1- 3 |  4- 6 |  7- 9 || total
-------------------------+-------+-------+-------++-------
Melee: Dagger            |    51 |    43 |       ||    94
       Unarmed           |     3 |       |       ||     3
       Constrict         |    12 |    14 |     1 ||    27
       Tentacles         |     7 |    20 |     1 ||    28
       Whip              |       |    28 |     7 ||    35
       Punch             |       |     1 |       ||     1
 Cast: Sandblast         |     4 |     7 |       ||    11
 Stab: Sleeping          |    12 |    11 |       ||    23
Armor: Skin              |     4 |     5 |       ||     9
Dodge: Dodged            |    30 |    40 |     4 ||    74

Levels and vault maps discovered:
D:1:      mushboom_english_gardens, layout_rooms, shapermc_ecumenical_altar_gd
D:2:      layout_loops_cross, nicolae_elevator_lobby_plus, uniq_natasha
D:3:      layout_basic, mainiacjoe_overflow_concentric_impassable
D:4:      layout_loops_ring, serial_shops, nicolae_shop_stone
D:5:      layout_loops_cross, mainiacjoe_overflow_catch_the_wave,
          wad_woods_river_04

Notes
Turn   | Place    | Note
-------+----------+-------------------------------------------
     0 | D:1      | zeratav the Octopode Earth Elementalist began the quest for
                  | the Orb.
     0 | D:1      | Reached XP level 1. HP: 11/11 MP: 3/3
     0 | D:1      | magus.rc [v1.9.6]
   229 | D:1      | Reached XP level 2. HP: 10/17 MP: 5/5
   231 | D:1      | HP: 4/17 [jackal (2)]
   567 | D:1      | Reached XP level 3. HP: 21/21 MP: 6/6
   568 | D:1      | You pick up a book of Vapours and begin reading...
   568 | D:1      | You add the spells Poisonous Vapours and Corpse Rot to your
                  | library.
   569 | D:1      | Found a faded altar of an unknown god.
   955 | D:2      | Reached skill level 4 in Earth Magic
  1541 | D:2      | Noticed Natasha
  1552 | D:2      | Killed Natasha
  1553 | D:2      | Reached XP level 4. HP: 8/27 MP: 6/8
  1917 | D:3      | Found a shadowy altar of Dithmenos.
  2289 | D:3      | Reached skill level 3 in Spellcasting
  2614 | D:3      | Reached XP level 5. HP: 31/31 MP: 9/9
  2804 | D:4      | Reached skill level 5 in Earth Magic
  2840 | D:4      | Found Hinaabuo's Antique Weapon Shoppe.
  3391 | D:4      | You pick up a book of Flames and begin reading...
  3391 | D:4      | You add the spells Foxfire, Conjure Flame, Inner Flame and
                  | Flame Wave to your library.
  3624 | D:4      | You pick up a book of Air and begin reading...
  3624 | D:4      | You add the spells Shock, Swiftness and Airstrike to your
                  | library.
  3674 | D:5      | Entered Level 5 of the Dungeon
  3726 | D:5      | You pick up a book of Air and begin reading...
  3845 | D:5      | Noticed a phantom
  3847 | D:5      | Reached XP level 6. HP: 31/36 MP: 11/11
  3861 | D:5      | Reached skill level 6 in Earth Magic
  4119 | D:5      | You add the spells Yara's Violent Unravelling, Alistair's
                  | Intoxication and Statue Form to your library.
  4119 | D:5      | Got the Almanac of Unstable Clay
  4122 | D:5      | Found an iron altar of Okawaru.
  4132 | D:5      | Reached skill level 4 in Spellcasting
  4406 | D:5      | Found a burning altar of Makhleb.
  4415 | D:5      | Reached XP level 7. HP: 34/41 MP: 13/13
  4729 | D:5      | HP: 2/41 [gnoll/+0 flail (13)]
  4730 | D:5      | Mangled by a gnoll

Vanquished Creatures
  A phantom (D:5)
  2 scorpions (D:5)
  2 hounds
  A jelly (D:5)
  2 iguanas
  Natasha (D:2)
  A gnoll (D:5)
  4 adders
  2 ufetubi
  2 worms (D:2)
  2 dart slugs
  5 orcs
  10 endoplasms
  5 giant cockroaches
  A hobgoblin (D:2)
  7 jackals
  2 kobolds
  4 quokkas
  5 ball pythons
  4 bats
  3 frilled lizards
  5 goblins
  4 rats
75 creatures vanquished.

Vanquished Creatures (others)
  6 demonic plants (D:1)
  4 fungi (D:1)
  4 withered plants (D:1)
14 creatures vanquished.

Grand Total: 89 creatures vanquished

Table legend:
 A = Non-vault XP
 B = Vault XP
 C = Vault XP percentage of total XP
 D = Non-vault monster count
 E = Vault monster count
 F = Vault count percentage of total count
                 A         B        C        D         E       F
            +---------+---------+-------+---------+---------+-------
      Total |     666 |      36 |   5.1 |      74 |       1 |   1.3
            +---------+---------+-------+---------+---------+-------
        D:1 |      43 |       0 |   0.0 |      24 |       0 |   0.0
        D:2 |      30 |      36 |  54.5 |      12 |       1 |   7.7
        D:3 |      61 |       0 |   0.0 |      12 |       0 |   0.0
        D:4 |     119 |       0 |   0.0 |      12 |       0 |   0.0
        D:5 |     413 |       0 |   0.0 |      14 |       0 |   0.0
            +---------+---------+-------+---------+---------+-------

Illustrated notes

Table legend:
 A = Kills in this place as a percentage of kills in entire the game.
 B = Kills by you in this place as a percentage of kills by you in the entire game.
 C = Kills by friends in this place as a percentage of kills by friends in the entire game.
 D = Other kills in this place as a percentage of other kills in the entire game.
 E = Experience gained in this place as a percentage of experience gained in the entire game.
 F = Experience gained in this place divided by the number of levels of this place that you have seen.
                   A       B       C       D       E      F
               +-------+-------+-------+-------+-------+----------------------
         Total | 100.0 | 100.0 |   N/A |   N/A | 100.0 | 140.4
       Dungeon | 100.0 | 100.0 |   N/A |   N/A | 100.0 | 140.4
               +-------+-------+-------+-------+-------+----------------------

Table legend: (Time is in decaauts)
 A = Elapsed time spent in this place.
 B = Non-inter-level travel time spent in this place.
 C = Inter-level travel time spent in this place.
 D = Time resting spent in this place.
 E = Time spent auto-exploring this place.
 F = Levels seen in this place.
 G = Mean time per level.
                   A        B        C        D        E       F      G
               +--------+--------+--------+--------+--------+-----+--------+
         Total |   4731 |   4656 |     75 |    990 |   3164 |   5 |  946.2 |
       Dungeon |   4731 |   4656 |     75 |    990 |   3164 |   5 |  946.2 |
               +--------+--------+--------+--------+--------+-----+--------+

Top non-repeatable levels by time:
     D:2: 1149 daAuts
     D:5: 1058 daAuts
     D:3: 880 daAuts
     D:4: 878 daAuts
     D:1: 763 daAuts
